 Dungeon Crawl Stone Soup version 0.32-a0-975-g85d4e5bfdb (webtiles) character file.

Game seed: 2062722795711151159

9 whatisthis the Gusty (level 2, 0/19 HPs)
             Began as a Barachi Air Elementalist on Apr 18, 2024.
             Slain by a hobgoblin (3 damage)
             ... on level 1 of the Dungeon.
             The game lasted 00:01:04 (79 turns).

whatisthis the Gusty (Barachi Air Elementalist)       Turns: 79, Time: 00:01:04

Health: 0/19       AC:  2    Str:  9    XL:     2   Next: 16%
Magic:  0/5        EV: 11    Int: 15    God:
Gold:   10         SH:  0    Dex: 12    Spells: 4/5 levels left

rFire   . . .        c - +0 dagger
rCold   . . .        (no shield)
rNeg    . . .        a - +0 robe
rPois   .            (no helmet)
rElec   .            (no cloak)
rCorr   .            (no gloves)
SInv    .            (no boots)
Will    .....        (no amulet)
Stlth   ++           (no ring)
HPRegen 0.23/turn    (no ring)
MPRegen 0.09/turn

%: no passive effects
@: slow
A: amphibious, slowness 1, strong legs 1, +LOS
a: Hop


You were on level 1 of the Dungeon.
You visited 1 branch of the dungeon, and saw 1 of its levels.

You collected 10 gold pieces.

Inventory:

Hand Weapons
 c - a +0 dagger (weapon)
Armour
 a - a +0 robe (worn)


   Skills:
 - Level 2.1 Dodging
 - Level 1.7 Stealth
 + Level 2.4 Spellcasting
 + Level 1.6 Conjurations
 + Level 3.5 Air Magic


You had 4 spell levels left.
You knew the following spells:

 Your Spells              Type           Power      Damage    Failure   Level
a - Shock                 Conj/Air       36%        1d5       8%          1

Your spell library contained the following spells:

 Spells                   Type           Power      Damage    Failure   Level
 Static Discharge         Conj/Air       18%        3-4/arc   11%         2
 Swiftness                Air            12%        N/A       16%         3
 Airstrike                Air            6%         2d(1-17)  45%         4


Dungeon Overview and Level Annotations

Branches:
Dungeon (1/15)

Altars:


Innate Abilities, Weirdness & Mutations

You are amphibious.
You cover ground slowly.
You can hop short distances.
You have an extended range of vision and can be seen from far away.


Message History

The jackal attacks as it pursues you! The jackal bites you.
* * * LOW HITPOINT WARNING * * *
The jackal barely misses you. The jackal misses you.
There is a fountain of clear blue water here.
You open the door. The jackal bites you.
* * * LOW HITPOINT WARNING * * *
The jackal bites you but does no damage.
There is an open door here.
The jackal bites you.
* * * LOW HITPOINT WARNING * * *
The jackal bites you but does no damage.
Aiming: Shock (safe; 8% risk of failure)
Press: ? - help, Q - select action, (/) - cycle Shift-Dir - straight line The zap hits the jackal.
The jackal is heavily wounded.
The zap misses the hobgoblin.
The zap hits the hobgoblin.
The hobgoblin is moderately wounded.
The jackal bites you.
* * * LOW HITPOINT WARNING * * *
Unknown command.
Aiming: Shock (safe; 8% risk of failure)
Press: ? - help, Q - select action, (/) - cycle Shift-Dir - straight line The zap misses the jackal.
The jackal bites you.
* * * LOW HITPOINT WARNING * * *
Unknown command.
You aren't carrying any potions.
You aren't carrying any scrolls.
You hit the jackal but do no damage.
The jackal is heavily wounded.
The jackal barely misses you. The jackal completely misses you.
You hit the jackal.
You kill the jackal!
You hit the endoplasm.
You kill the endoplasm!
You hit the hobgoblin.
The hobgoblin is severely wounded.
The hobgoblin hits you.
You die...

#....$...?.#.##...
###...J...##.# #.
#######....#
###..# ##..####.#
#..........
######'######.##
#.#......?#
#@#.J...⌠.#
#g#.......#
#B'...⌠...+
###.......#
#.⌠...⌠.#
#.......#
####+####


You could see a giant cockroach and a hobgoblin.

Vanquished Creatures
  A bat (D:1)
  An endoplasm (D:1)
  2 goblins (D:1)
  3 jackals (D:1)
7 creatures vanquished.

Notes
Turn   | Place    | Note
-------+----------+-------------------------------------------
     0 | D:1      | whatisthis the Barachi Air Elementalist began the quest for
                  | the Orb.
     0 | D:1      | Reached XP level 1. HP: 13/13 MP: 3/3
    56 | D:1      | Reached XP level 2. HP: 8/19 MP: 0/5
    79 | D:1      | Slain by a hobgoblin

Illustrated notes

Levels and vault maps discovered:
D:1:      scummos_arrival_hexagon, layout_basic, serial_shops,
          nicolae_shop_scrapyard, minmay_fountain_box

Action                     || total
---------------------------++-------
  Melee: Unarmed           ||    14
         Dagger            ||     6
   Cast: Shock             ||    12
    Use: Potion            ||     1
 Armour: Robe              ||    26
  Dodge: Dodged            ||    27

Table legend: (Time is in decaauts)
 A = Elapsed time spent in this place.
 B = Non-inter-level travel time spent in this place.
 C = Inter-level travel time spent in this place.
 D = Time resting spent in this place.
 E = Time spent auto-exploring this place.
 F = Levels seen in this place.
 G = Mean time per level.
                   A        B        C        D        E       F      G
               +--------+--------+--------+--------+--------+-----+--------+
         Total |     83 |     83 |      0 |     15 |      1 |   1 |   83.0 |
       Dungeon |     83 |     83 |      0 |     15 |      1 |   1 |   83.0 |
               +--------+--------+--------+--------+--------+-----+--------+

Top non-repeatable levels by time:
     D:1: 83 daAuts
